 Dungeon Crawl Stone Soup version 0.28.0-1-gb440e238dd (webtiles) character file.

Game seed: 14474282938699156618

61 Snicker the Sneak (level 3, -4/29 HPs)
             Began as a Demonspawn Delver on Feb 21, 2022.
             Splashed by a jelly's acid (8 damage)
             ... on level 6 of the Dungeon.
             The game lasted 00:00:28 (174 turns).

Snicker the Sneak (Demonspawn Delver)                Turns: 174, Time: 00:00:30

Health: -4/29      AC:  1    Str: 12    XL:     3   Next: 83%
Magic:  3/3        EV: 12    Int: 11    God:
Gold:   0          SH:  0    Dex: 16    Spells: 2/2 levels left

rFire   . . .      SeeInvis .   a - +0 short sword
rCold   . . .      Faith    .   (no shield)
rNeg    . . .      Spirit   .   b - +0 leather armour
rPois   .          Reflect  .   i - +2 hat
rElec   .          Harm     .   (no cloak)
rCorr   .          Rampage  .   (no gloves)
Will    .....                   (no boots)
Stlth   +++.......              (no amulet)
HPRegen 0.09/turn               (no ring)
MPRegen 0.08/turn               (no ring)

@: corroded
A: powered by pain 1
a: no special abilities


You were on level 6 of the Dungeon.
You visited 1 branch of the dungeon, and saw 2 of its levels.

Inventory:

Hand Weapons
 a - a +0 short sword (weapon)
Armour
 b - a +0 leather armour (worn)
 i - a +2 hat (worn)
Wands
 g - a wand of digging (3)
Scrolls
 c - a scroll of fog
 d - a scroll of magic mapping
 e - a scroll of fear
Potions
 f - a potion of haste


   Skills:
 + Level 3.1 Fighting
 * Level 2.0 Short Blades
 + Level 0.1 Armour
 + Level 1.8 Dodging
 * Level 5.6 Stealth


You had 2 spell levels left.
You didn't know any spells.
Your spell library was empty.

Dungeon Overview and Level Annotations

Branches:
Dungeon (6/15)
 Temple: D:4-7

Altars:


Innate Abilities, Weirdness & Mutations

You sometimes gain a little power by taking damage.


Message History

h - a purple potion You hear a distant slurping noise.
You see here a +2 hat.
i - a +2 hat You start putting on your armour.
You continue putting on your +2 hat. x4
You hear a distant slurping noise.
You finish putting on your +2 hat.
A jelly comes into view.
The jelly quivers.
The jelly closely misses you.
You hit the jelly.
Your hands burn!
The jelly is lightly wounded.
The jelly hits you but does no damage.
You hit the jelly.
Your hands burn!
The jelly is lightly wounded.
The jelly closely misses you.
You barely miss the jelly.
The jelly is lightly wounded.
The jelly barely misses you.
You hit the jelly.
Your hands burn!
The jelly is moderately wounded.
The jelly barely misses you.
You hit the jelly.
Your hands burn!
The jelly is heavily wounded.
The jelly misses you.
You hit the jelly.
Your hands burn!
The jelly is heavily wounded.
The jelly hits you but does no damage.
You hit the jelly.
Your hands burn!
The jelly is severely wounded.
The jelly hits you. The acid corrodes you!
You are splashed with acid!
* * * LOW HITPOINT WARNING * * *
It was a potion of curing.
You feel better. The jelly closely misses you.
You hit the jelly but do no damage.
Your hands burn!
* * * LOW HITPOINT WARNING * * *
The jelly is severely wounded.
The jelly hits you.
* * * LOW HITPOINT WARNING * * *
You are splashed with acid!
You die...

#.......#
#...<...#
#####+##.......#
#..............#
#.........†....#
#.....##...#####
#..... #...#
##.....##J..#
#.......@...#
#...........#
#...........#
#......##+###
##..... ######


You could see a jelly.

Vanquished Creatures
  A bullfrog (D:6)
1 creature vanquished.

Notes
Turn   | Place    | Note
-------+----------+-------------------------------------------
     0 | D:5      | Snicker the Demonspawn Delver began the quest for the Orb.
     0 | D:5      | Reached XP level 1. HP: 18/18 MP: 1/1
     9 | D:6      | Noticed a bullfrog
    18 | D:6      | Killed a bullfrog
    19 | D:6      | Reached skill level 5 in Stealth
    19 | D:6      | Gained mutation: You sometimes gain a little power by
                  | taking damage. [demonic ancestry]
    19 | D:6      | Reached XP level 2. HP: 10/24 MP: 2/2
    19 | D:6      | Reached XP level 3. HP: 13/29 MP: 3/3
   174 | D:6      | Splashed by a jelly's acid

Illustrated notes

Levels and vault maps discovered:
D:5:      minmay_polygon_palace, layout_loops_corners, uniq_duvessa
D:6:      layout_gridville, amcnicky_mini_corridor_feature, minmay_misc_feat_x

Skill      XL: |  1 |
---------------+----+-----
Short Blades   | 2 |  2.0
Stealth        | 5 |  5.6
Fighting       | |  3.1
Armour         | |  0.1
Dodging        | |  1.8

Action                   || total
-------------------------++-------
Melee: Short sword       ||    15
  Use: Potion            ||     1
 Stab: Sleeping          ||     1
Armor: Leather armour    ||     4
Dodge: Dodged            ||    10
